 Dungeon Crawl Stone Soup version 0.29.1-12-g30fa7ad0bf (webtiles) character file.

Game seed: 10922097378276193723

357 ChadusMaximus the Shield-Bearer (level 6, 0/56 HPs)
             Began as a Minotaur Fighter on Dec 22, 2022.
             Succumbed to a killer bee's poison
             ... on level 4 of the Dungeon.
             The game lasted 00:03:04 (2920 turns).

ChadusMaximus the Shield-Bearer (Minotaur Fighter)  Turns: 2920, Time: 00:03:05

Health: 0/56       AC: 10    Str: 22    XL:     6   Next: 37%
Magic:  5/5        EV:  9    Int:  5    God:
Gold:   102        SH:  5    Dex: 10    Spells: 5/5 levels left

rFire   . . .      SeeInvis .   a - +0 war axe
rCold   + . .      Faith    .   c - +0 buckler
rNeg    . . .      Spirit   .   n - +2 scale mail {rC+}
rPois   .          Reflect  .   (helmet restricted)
rElec   .          Harm     .   (no cloak)
rCorr   .          Rampage  .   (no gloves)
Will    .....                   v - +0 pair of boots
Stlth   ..........              (no amulet)
HPRegen 0.18/turn               (no ring)
MPRegen 0.09/turn               (no ring)

@: lethally poisoned (0 -> -1)
A: horns 2, retaliatory headbutt
a: no special abilities


You were on level 4 of the Dungeon.
You visited 1 branch of the dungeon, and saw 4 of its levels.

You collected 102 gold pieces.

Inventory:

Hand Weapons
 a - a +0 war axe (weapon)
Armour
 b - a +0 scale mail
 c - a +0 buckler (worn)
 n - a +2 scale mail of cold resistance (worn)
 v - a +0 pair of boots (worn)
Scrolls
 g - 5 scrolls of identify {unknown}
 k - a scroll of enchant weapon {unknown}
 m - 2 scrolls of poison {unknown}
 o - a scroll of summoning {unknown}
 p - a scroll of blinking {unknown}
 r - a scroll of fog {unknown}
 s - 3 scrolls of noise {unknown}
 u - a scroll of immolation {unknown}
 w - a scroll of amnesia {unknown}
Potions
 d - a potion of might
 e - a potion of attraction {unknown}
 f - 2 potions of curing
 h - 2 potions of invisibility {unknown}
 j - a potion of ambrosia {unknown}
 l - a potion of resistance {unknown}
 q - a potion of berserk rage {unknown}


   Skills:
 + Level 5.3 Fighting
 + Level 4.4 Axes
 + Level 5.3 Armour
 + Level 5.4 Shields


You had 5 spell levels left.
You didn't know any spells.
Your spell library was empty.

Dungeon Overview and Level Annotations

Branches:
Dungeon (4/15)
 Temple: D:4-7

Altars:
Wu Jian

Shops:
D:3 ?


Innate Abilities, Weirdness & Mutations

You have a pair of horns on your head.
You reflexively headbutt those who attack you in melee.


Message History

You closely miss the kobold. Your headbutt misses the kobold.
You barely miss the orc. The kobold hits you but does no damage.
The orc barely misses you. You furiously retaliate!
You headbutt the orc!
You kill the orc!
You block the kobold's attack.
You slash the kobold!
You kill the kobold!
Your surroundings suddenly seem different.
You block the killer bee's attack.
You barely miss the killer bee. Your headbutt misses the killer bee.
You block the killer bee's attack.
The killer bee stings you but does no damage.
The killer bee stings you.
* * * LOW HITPOINT WARNING * * *
You are poisoned.
The killer bee poisons you!
You slash the killer bee! Your headbutt misses the killer bee.
The killer bee is heavily wounded.
You feel very sick. You block the killer bee's attack.
The killer bee stings you but does no damage. x2
You slash the killer bee!
You kill the killer bee!
You feel sick.
You feel sick.
The killer bee buzzes angrily.
You hear an angry buzzing noise. x2
You miss the killer bee.
You headbutt the killer bee, but do no damage.
You feel sick. You block the killer bee's attack. The killer bee stings you!
* * * LOW HITPOINT WARNING * * *
You hit the killer bee. You headbutt the killer bee!
The killer bee is severely wounded.
* * * LOW HITPOINT WARNING * * *
You feel sick. The killer bee barely misses you.
The killer bee stings you but does no damage.
The killer bee closely misses you. You furiously retaliate!
You headbutt the killer bee. You barely miss the killer bee.
The killer bee is almost dead.
You die...

......y###.# #.# #
#.yyy[..# #.# #
####..#######'## #
#.....# ##...## # #
#.###.# ##...).## #
#.##.#.#.# #.......###
#........###.........##
#.....y....+.........'.
#..@..# #.........##
#.#.#(# ##.......## #
### # ##.....## ##...##
##+#


You could see a killer bee.

Vanquished Creatures
  2 killer bees (D:4)
  2 orc priests (D:3)
  An iguana (D:4)
  An orc wizard (D:3)
  Terence (D:3)
  4 gnolls (D:3)
  An adder (D:3)
  A worm (D:2)
  5 dart slugs
  6 orcs
  3 ball pythons (D:1)
  3 endoplasms
  3 giant cockroaches (D:2)
  4 goblins
  6 hobgoblins (D:1)
  4 jackals (D:2)
  8 kobolds
  3 quokkas
  7 bats
  2 frilled lizards (D:1)
  4 rats
71 creatures vanquished.

Notes
Turn   | Place    | Note
-------+----------+-------------------------------------------
     0 | D:1      | ChadusMaximus the Minotaur Fighter began the quest for the
                  | Orb.
     0 | D:1      | Reached XP level 1. HP: 19/19 MP: 0/0
   207 | D:1      | Reached XP level 2. HP: 21/27 MP: 1/1
   545 | D:1      | Found a faded altar of an unknown god.
   620 | D:1      | You fall into a shaft and drop 1 floor!
   662 | D:2      | Reached XP level 3. HP: 31/33 MP: 2/2
  1638 | D:3      | Noticed Terence
  1643 | D:3      | Killed Terence
  1644 | D:3      | Reached XP level 4. HP: 23/41 MP: 3/3
  1808 | D:3      | Found Uvafreoq's Magic Scroll Shoppe.
  1867 | D:3      | Found an ornate altar of the Wu Jian Council.
  2007 | D:3      | Reached XP level 5. HP: 16/47 MP: 4/4
  2441 | D:3      | Reached skill level 5 in Shields
  2444 | D:3      | Reached skill level 5 in Fighting
  2710 | D:4      | Reached skill level 5 in Armour
  2862 | D:4      | Reached XP level 6. HP: 18/56 MP: 5/5
  2918 | D:4      | HP: 2/56 [killer bee (8)]
  2920 | D:4      | Succumbed to a killer bee's poison

Illustrated notes

Levels and vault maps discovered:
D:1:      nzn_arrival_water_spiral, layout_loops_cross,
          shapermc_ecumenical_altar_flowoftime
D:2:      layout_basic
D:3:      layout_basic, mainiacjoe_overflow_24_doors, serial_shops,
          nicolae_shop_hallway_plus, uniq_terence
D:4:      layout_loops_corners

Skill      XL: |  1  2  3  4  5 |
---------------+----------------+-----
Fighting       | 4 5 |  5.3
Armour         | 4 5 |  5.3
Shields        | 4 5 |  5.4
Axes           | 3 4 |  4.4

Action                   |  1- 3 |  4- 6 || total
-------------------------+-------+-------++-------
Melee: War axe           |   121 |    58 ||   179
       Headbutt          |    12 |     8 ||    20
Throw: Javelin           |       |     6 ||     6
  Use: Scroll            |       |     2 ||     2
       Potion            |       |     2 ||     2
Armor: Scale mail        |    67 |    35 ||   102
Dodge: Dodged            |    50 |    32 ||    82
Block: Buckler           |    28 |    21 ||    49
